 Dungeon Crawl Stone Soup version 0.22-a0-394-gd5c8bed (webtiles) character file.

142576 Dipster the Markscentaur (level 16, -8/127 HPs)
             Began as a Centaur Arcane Marksman on Apr 30, 2018.
             Was the Champion of Okawaru.
             Killed from afar by a starcursed mass (10 damage)
             ... with an accursed screaming
             ... on level 2 of the Abyss on May 3, 2018.
             The game lasted 03:12:59 (58418 turns).

Dipster the Markscentaur (Centaur Arcane Marksman) Turns: 58418, Time: 03:12:59

Health: -8/127     AC: 25    Str: 15      XL:     16   Next: 80%
Magic:  23/25      EV: 14    Int: 16 (18) God:    Okawaru [******]
Gold:   879        SH:  0    Dex: 13      Spells: 3/27 levels left

rFire    . . .     SeeInvis +   b - +1 glaive (protect)
rCold    + + +     Gourm    .   (shield currently unavailable)
rNeg     + . .     Faith    .   j - +0 troll leather armour
rPois    +         Spirit   .   i - +2 hat
rElec    .         Reflect  .   R - +0 cloak of Panentheism {+Blink rC++}
rCorr    .         Harm     .   B - +2 pair of gloves {Dex+3}
MR       ++...     Rnd*Rage +   V - +2 centaur barding {Fly}
Stlth    +++.......             p - amulet of rage
HPRegen  0.00/turn              g - ring of the Invisible Hand {rC+ rN+ MR+ Str-2 Slay+5}
MPRegen  0.19/turn              o - ring of Autotheism {rPois AC+3 Int+3 SInv}

@: about to teleport, heroism, flying, very slightly contaminated, very quick
A: large, hooves 3, [berserk 2], deformed body, speed 2, [inhibited
regeneration], tough skin 3, no potion heal 1
a: Heroism, Finesse, Renounce Religion, Evoke Blink, Evoke Berserk Rage, Stop
Flying


You were on level 2 of the Abyss.
You worshipped Okawaru.
Okawaru was exalted by your worship.
You were not hungry.

You visited 6 branches of the dungeon, and saw 28 of its levels.
You visited the Abyss 1 time.

You collected 2425 gold pieces.
You spent 1546 gold pieces at shops.

Inventory:

Hand Weapons
 a - the +7 longbow "Piercer" {penet, EV-2}
   (Okawaru gifted it to you on level 1 of the Shoals)

   Ammo fired by it will pass through the targets it hits, potentially hitting
   all targets in its path until it reaches maximum range.
   It affects your evasion (-2).
 b - a +1 glaive of protection (weapon)
 c - the +5 falchion "Ygosiw" {flame, rF+ rC+}
   (You took it off an orc on level 5 of the Dungeon)

   It has been specially enchanted to burn those struck by it, causing extra
   injury to most foes and up to half again as much damage against particularly
   susceptible opponents.
   Big, fiery blades are also staple armaments of hydra-hunters.
   It protects you from fire.
   It protects you from cold.
Missiles
 e - 84 arrows
 q - 17 javelins of returning (quivered)
Armour
 d - the +0 ring mail of Winter {+Fly rElec rPois Slay-2}
   (You found it on level 2 of the Abyss)

   It affects your accuracy and damage with ranged weapons and melee attacks
   (-2).
   It insulates you from electricity.
   It protects you from poison.
   It lets you fly.
 i - a +2 hat (worn)
 j - a +0 troll leather armour (worn)
 w - a scarf of repulsion
 x - a +2 cloak of magic resistance
 A - +0 shadow dragon scales
 B - a +2 pair of gloves of dexterity (worn)
 R - the +0 cloak of Panentheism (worn) {+Blink rC++}
   (You found it on level 7 of the Dungeon)

   It greatly protects you from cold.
   It lets you blink.
 V - a +2 centaur barding of flying (worn)
Jewellery
 g - the ring of the Invisible Hand (left hand) {rC+ rN+ MR+ Str-2 Slay+5}
   (You bought it in a shop on level 6 of the Dungeon)

   [ring of slaying]

   It affects your strength (-2).
   It affects your accuracy and damage with ranged weapons and melee attacks
   (+5).
   It protects you from cold.
   It protects you from negative energy.
   It affects your resistance to hostile enchantments.
 o - the ring of Autotheism (right hand) {rPois AC+3 Int+3 SInv}
   (You found it on level 11 of the Dungeon)

   [ring of protection]

   It affects your AC (+3).
   It affects your intelligence (+3).
   It protects you from poison.
   It lets you see invisible.
 p - an amulet of rage (around neck)
 T - an uncursed ring of teleportation
Wands
 v - a wand of random effects (49)
 y - a wand of acid (12)
 I - a wand of polymorph (3)
 N - a wand of disintegration (20)
 O - a wand of flame (46)
 X - a wand of iceblast (7)
 Y - a wand of digging (6)
Scrolls
 h - a scroll of blinking
 l - 6 scrolls of remove curse
 m - a scroll of silence
 r - a scroll of magic mapping
 F - 4 scrolls of fog
 H - 3 scrolls of immolation
 J - 2 scrolls of fear
 M - 9 scrolls of teleportation
Potions
 k - a potion of curing
 n - a potion of ambrosia
 s - 4 potions of lignification
 t - a potion of cancellation
 E - 2 potions of mutation
 G - 3 potions of might
 L - a potion of invisibility
 Q - 5 potions of brilliance
 W - 2 potions of agility
 Z - 2 potions of haste
Miscellaneous
 u - a phantom mirror
 z - a crystal ball of energy
 D - a fan of gales (inert)
 U - a lightning rod (3/4)
Comestibles
 f - 15 rations


   Skills:
 * Level 7.7(12.7) Fighting
 - Level 0.3(5.3) Long Blades
 - Level 0.3(5.3) Polearms
 + Level 17.0(22.0) Bows
 + Level 7.7(12.7) Armour
 + Level 7.7(12.7) Dodging
 * Level 6.4 Spellcasting
 - Level 8.0 Conjurations
 + Level 9.1 Hexes
 + Level 6.5 Summonings
 - Level 9.0 Fire Magic
 * Level 9.8 Invocations
 * Level 9.2 Evocations


You had 3 spell levels left.
You knew the following spells:

 Your Spells              Type           Power        Failure   Level  Hunger
a - Summon Hydra          Summ           ####......   100%        7    #######
b - Inner Flame           Hex/Fire       ####....     1%          3    ##.....
c - Cause Fear            Hex            ####......   3%          4    ####...
d - Sticky Flame          Conj/Fire      ####....     4%          4    ####...
e - Summon Butterflies    Summ           ####....     1%          1    None
f - Summon Mana Viper     Hex/Summ       ####....     17%         5    #####..


Dungeon Overview and Level Annotations

Branches:
Dungeon (15/15) Temple (1/1) D:4 Lair (6/6) D:11 Shoals (3/4) Lair:4 Snake (1/4) Lair:2 Slime (0/5) Lair:5 Orc (2/2) D:11 Elf (0/3) Orc:2 Vaults (0/5) D:12 D:13 Depths (0/5) D:15

Altars:
Ashenzari
Cheibriados
Dithmenos
Elyvilon
Fedhas
Gozag
Hepliaklqana
Kikubaaqudgha
Makhleb
Nemelex Xobeh
Okawaru
Qazlal
Ru
Sif Muna
Trog
Uskayaw
Vehumet
Wu Jian
Xom
Yredelemnul
Zin
The Shining One
Jiyva

Shops:
D:6 =   D:7 [   D:11 *=   Orc:2 (?}*%

Annotations:
D:14 exclusion: downstairs
Shoals:2 exclusion: 2 downstairs
Snake:1 Agnes


Innate Abilities, Weirdness & Mutations

You have hooves in place of feet.
Armour fits poorly on your strangely shaped body.
You cover ground very quickly.
You have extremely tough skin. (AC +3)
Potions are less effective at restoring your health.
[You often lose your temper in combat.]
[You do not regenerate when monsters are visible.]


Message History

You hold your ground!
The thrashing horror barely misses you.
Evoke which item? (* to show all) (? for menu, Esc to quit)
Aiming: Dig
Press: ? - help, Shift-Dir - straight line The rock shatters into small pieces.
You hear a shout!
The thrashing horror tramples you but does no damage.
The thrashing horror tramples you.
* * * LOW HITPOINT WARNING * * *
You hold your ground!
The thrashing horror tramples you!
* * * LOW HITPOINT WARNING * * *
You hold your ground!
The thrashing horror tramples you but does no damage.
Okay, then.
Blink to where?
Press: ? - help, Dir - move target cursor You are very lightly contaminated with residual magic.
As you read the scroll of blinking, it crumbles to dust.
A chorus of shrieks assaults your mind.
You die...

### .####
##.#.....# . # #
#.. #X#...#....#
# ###
#.#....##.#
#........#
#........#
#X.......#
#........#
#........#
#...@....#
#........#
#........#
#......X.#
..'.#......##
..#.+.......###
...#.#......#X§#
.. #......####
.... .#


You could see 2 starcursed masses, a thrashing horror and a large abomination.

Vanquished Creatures
  Rupert (D:12)
  Roxanne (D:15)
  Donald (Shoals:1)
  Louise (Shoals:2)
  A stone giant (Shoals:2)
  Nessos (D:13)
  A starcursed mass (Abyss:2)
  A dire elephant (D:15)
  A merfolk javelineer (Shoals:1)
  2 merfolk impalers
  Harold (Orc:1)
  6 hydras
  3 ogre magi (D:15)
  A naga warrior (Snake:1)
  2 catoblepae
  2 centaur warriors (D:14)
  22 two-headed ogres
  A death knight (D:13)
  An anaconda (Snake:1)
  A queen ant (Lair:2)
  A satyr (Shoals:3)
  3 orc high priests (Orc:2)
  3 naga sharpshooters (Snake:1)
  Urug (D:11)
  A skeletal warrior (D:14)
  9 sea snakes
  2 wizards
  A sixfirhy (Abyss:2)
  A flayed ghost (D:14)
  A naga ritualist (Snake:1)
  2 unseen horrors
  A glowing orange brain (shapeshifter) (D:14)
  An orange crystal statue (D:15)
  A harpy (shapeshifter) (D:15)
  11 harpies (Shoals:1)
  A mana viper (Abyss:2)
  8 orc knights
  A wolf spider zombie (D:14)
  2 deep elf magi
  A wolf spider (D:15)
  5 orc sorcerers (Orc:2)
  4 oklob plants
  6 slime creatures (D:15)
  9 manticores
  6 cyclopes
  3 salamanders
  30 fauns
  2 black mambas
  12 ugly things
  Maurice (Orc:1)
  6 merfolk sirens
  A water nymph (Shoals:1)
  6 elephants
  2 naga magi (Snake:1)
  6 spiny frogs
  2 gargoyles
  6 komodo dragons
  An efreet (D:14)
  2 rime drakes
  The ghost of busb the Martial Artist, a novice OpWn (D:4)
  2 freezing wraiths
  20 merfolk
  A queen bee (D:13)
  3 meliai (D:13)
  10 trolls
  A hornet (D:15)
  A wind drake (Shoals:2)
  2 polar bears
  A blink frog (shapeshifter) (D:13)
  4 dream sheep (Shoals:2)
  7 hippogriffs
  5 water elementals
  Sigmund (D:2)
  A large abomination (Abyss:2)
  4 snapping turtles
  2 centaur simulacra (D:14)
  A wraith (D:14)
  6 wyverns
  2 shadows
  14 yaks
  2 hungry ghosts
  3 basilisks
  16 humans
  4 vampire mosquitoes
  4 nagas (Snake:1)
  2 acid dragons
  9 water moccasins
  2 wargs (Orc:2)
  17 soldier ants
  13 porcupines
  4 sky beasts
  An ice beast (D:6)
  34 orc warriors
  A necrophage (D:10)
  A hornet zombie (D:8)
  An eye of draining (D:11)
  5 phantoms
  6 black bears
  A small abomination (Abyss:2)
  14 ogres
  11 wolves
  4 centaurs
  6 crocodiles
  2 big kobolds
  14 bullfrogs
  6 scorpions
  2 water moccasin skeletons
  A hornet simulacrum (D:14)
  25 killer bees (D:13)
  5 electric eels
  3 wights
  A howler monkey (D:10)
  4 centaur zombies
  6 crimson imps
  7 hounds
  2 bullfrog zombies
  11 jellies
  Crazy Yiuf (D:3)
  5 bullfrog skeletons
  5 centaur skeletons
  24 orc priests
  26 orc wizards
  2 iron imps (Abyss:2)
  Jessica (D:2)
  5 iguanas
  37 worker ants
  2 killer bee zombies
  A hound zombie (D:5)
  A hound skeleton (D:10)
  Robin (D:2)
  7 gnolls
  A howler monkey skeleton (D:10)
  14 adders
  7 shadow imps
  12 white imps (D:13)
  8 oozes
  An adder skeleton (D:8)
  3 worms
  2 dart slugs (D:1)
  4 leopard geckos
  81 orcs
  5 giant cockroaches
  9 goblins
  14 hobgoblins
  6 jackals
  6 quokkas
  14 bats
  5 frilled lizards
  15 kobolds
  11 rats
  3 fungi
  12 plants
903 creatures vanquished.

Vanquished Creatures (others)
  8 fungi
  9 plants
  7 starspawn tentacles (Abyss:2)
24 creatures vanquished.

Grand Total: 927 creatures vanquished

Notes
Turn   | Place    | Note
-------+----------+-------------------------------------------
     0 | D:1      | Dipster the Centaur Arcane Marksman began the quest for the Orb.
     0 | D:1      | Reached XP level 1. HP: 16/16 MP: 2/2
    35 | D:1      | Reached skill level 3 in Bows
   315 | D:1      | Reached XP level 2. HP: 23/23 MP: 3/3
   474 | D:1      | Reached XP level 3. HP: 16/28 MP: 5/5
   809 | D:1      | Reached skill level 4 in Bows
   952 | D:1      | Found a sparkling altar of Nemelex Xobeh.
   954 | D:1      | Found a shimmering altar of Xom.
   954 | D:1      | Found a stormy altar of Qazlal.
   956 | D:1      | Found a blossoming altar of Fedhas.
   956 | D:1      | Found a shimmering altar of Xom.
   956 | D:1      | Found a snail-covered altar of Cheibriados.
  1320 | D:2      | Noticed Robin
  2182 | D:2      | Killed Robin
  2182 | D:2      | Reached XP level 4. HP: 35/35 MP: 6/6
  2507 | D:2      | Learned a level 3 spell: Inner Flame
  2685 | D:2      | Noticed Jessica
  2690 | D:2      | Killed Jessica
  2690 | D:2      | Reached skill level 5 in Bows
  2831 | D:2      | Noticed Sigmund
  3611 | D:2      | Killed Sigmund
  3611 | D:2      | Reached skill level 1 in Fire Magic
  3611 | D:2      | Reached XP level 5. HP: 8/40 MP: 6/8
  3611 | D:2      | Reached XP level 6. HP: 10/47 MP: 6/9
  3962 | D:2      | Learned a level 4 spell: Cause Fear
  4378 | D:3      | Found a runed door.
  4425 | D:3      | Reached skill level 1 in Armour
  5173 | D:3      | Noticed Crazy Yiuf
  5181 | D:3      | Killed Crazy Yiuf
  5298 | D:3      | Reached skill level 6 in Bows
  6006 | D:4      | Noticed busb's ghost (novice OpWn)
  6363 | D:4      | Reached XP level 7. HP: 55/55 MP: 10/10
  6554 | D:4      | Found a sparkling altar of Nemelex Xobeh.
  6989 | D:4      | Found a staircase to the Ecumenical Temple.
  7541 | D:5      | Entered Level 5 of the Dungeon
  7557 | Temple   | Entered the Ecumenical Temple
  9117 | D:5      | Reached skill level 7 in Bows
  9253 | D:5      | Got a crystal falchion {flame}
  9412 | D:5      | Identified the +5 falchion "Ygosiw" {flame, rF+ rC+} (You took it off an orc on level 5 of the Dungeon)
  9534 | D:5      | Found an ornate altar of the Wu Jian Council.
  9548 | D:5      | Found a snail-covered altar of Cheibriados.
  9668 | D:5      | Found a transporter.
  9686 | D:5      | Found a transporter.
  9941 | D:5      | Reached XP level 8. HP: 60/62 MP: 11/11
 10296 | D:5      | Reached skill level 8 in Bows
 10762 | D:6      | Reached skill level 9 in Bows
 10771 | D:6      | Reached skill level 5 in Hexes
 10856 | D:6      | Found Zuuk's Jewellery Shoppe.
 11668 | D:6      | Reached skill level 10 in Bows
 11705 | D:6      | Reached XP level 9. HP: 68/68 MP: 12/12
 12090 | D:7      | Found Vuatsee's Armour Emporium.
 12091 | D:7      | Got a scorched cloak
 12102 | D:7      | Identified the +0 cloak of Panentheism {+Blink rC++} (You found it on level 7 of the Dungeon)
 12401 | D:7      | Reached skill level 1 in Evocations
 12632 | D:8      | Noticed a two-headed ogre
 12667 | D:7      | Killed a two-headed ogre
 12667 | D:7      | Reached skill level 11 in Bows
 12667 | D:7      | Reached skill level 5 in Fire Magic
 12870 | D:8      | Reached skill level 12 in Bows
 13725 | D:8      | Reached XP level 10. HP: 23/74 MP: 13/13
 14122 | D:8      | Noticed a two-headed ogre
 14189 | D:8      | Killed a two-headed ogre
 14189 | D:8      | Reached skill level 13 in Bows
 14860 | D:8      | Found a sparkling altar of Nemelex Xobeh.
 15424 | D:8      | Noticed a deep elf mage
 15426 | D:8      | Noticed a cyclops
 15439 | D:8      | Killed a deep elf mage
 15439 | D:8      | Reached skill level 14 in Bows
 15716 | D:4      | Killed busb's ghost
 16585 | D:8      | Found an iron altar of Okawaru.
 17376 | D:9      | Noticed Erolcha
 17557 | D:8      | Found a deep blue altar of Sif Muna.
 17559 | D:8      | Found an ornate altar of the Wu Jian Council.
 17576 | D:8      | Became a worshipper of Warmaster Okawaru
 17596 | D:8      | Found a burning altar of Makhleb.
 17825 | D:8      | Noticed a two-headed ogre
 17845 | D:8      | Killed a two-headed ogre
 17937 | D:8      | Noticed a salamander
 17937 | D:8      | a cyclops changed into a salamander
 17955 | D:8      | Killed a salamander
 18299 | D:9      | Noticed a two-headed ogre
 18360 | D:9      | Killed a two-headed ogre
 18360 | D:9      | Reached * piety under Okawaru
 18360 | D:9      | Reached XP level 11. HP: 84/84 MP: 16/16
 18612 | D:9      | Reached ** piety under Okawaru
 18853 | D:9      | Noticed Erolcha
 18853 | D:9      | Erolcha changed into Erolcha the troll
 18899 | D:9      | Killed Erolcha the troll
 19073 | D:10     | Entered Level 10 of the Dungeon
 19191 | D:10     | Learned a level 4 spell: Sticky Flame
 19893 | D:10     | Reached skill level 5 in Evocations
 20974 | D:10     | Reached skill level 1 in Conjurations
 21199 | D:9      | Upgraded the game from 0.22-a0-389-g8519d86 to 0.22-a0-392-g5dc3fd9
 21208 | D:10     | Reached *** piety under Okawaru
 21991 | D:10     | Noticed a two-headed ogre
 22006 | D:10     | Killed a two-headed ogre
 22196 | D:11     | Found a staircase to the Lair.
 22196 | D:11     | Noticed a two-headed ogre
 22246 | D:10     | Killed a two-headed ogre
 22436 | D:11     | Noticed a purple ugly thing
 22436 | D:11     | Noticed a two-headed ogre
 22461 | D:11     | Killed a purple ugly thing
 22464 | D:11     | Killed a two-headed ogre
 22464 | D:11     | Reached **** piety under Okawaru
 22791 | D:11     | Found a staircase to the Orcish Mines.
 22844 | D:11     | Noticed an ice dragon
 23833 | D:12     | Reached XP level 12. HP: 90/91 MP: 18/18
 24091 | D:12     | Reached ***** piety under Okawaru
 24091 | D:12     | Reached skill level 5 in Conjurations
 24421 | D:11     | Found Zeoss's Jewellery Emporium.
 24531 | D:11     | Found Ytuitta's Assorted Antiques.
 24544 | D:11     | Bought a scroll labeled UWOKHOPN YHIL for 34 gold pieces
 24861 | Lair:1   | Entered Level 1 of the Lair of Beasts
 25492 | Lair:1   | Received a gift from Okawaru
 25492 | Lair:1   | Reached skill level 1 in Invocations
 25783 | Lair:1   | Noticed a six-headed hydra
 25790 | Lair:1   | Killed a six-headed hydra
 27362 | Lair:2   | Found a staircase to the Snake Pit.
 28454 | D:11     | Noticed a four-headed hydra
 28454 | D:11     | an ice dragon changed into a four-headed hydra
 28460 | D:11     | Killed a four-headed hydra
 28460 | D:11     | Reached skill level 5 in Dodging
 28682 | D:11     | Got a clouded granite ring
 28857 | D:13     | Noticed a catoblepas
 28863 | D:13     | Killed a catoblepas
 28986 | D:13     | Found a gate to the Vaults.
 28986 | D:13     | Noticed Rupert
 28986 | D:13     | Noticed Urug
 28986 | D:13     | Noticed Nessos
 29411 | Orc:1    | Entered Level 1 of the Orcish Mines
 29411 | Orc:1    | Noticed a two-headed ogre
 29438 | D:11     | Killed a two-headed ogre
 29438 | D:11     | Reached XP level 13. HP: 47/96 MP: 19/19
 29734 | Orc:1    | Received a gift from Okawaru
 29944 | Orc:1    | Noticed Harold
 29981 | Orc:1    | Killed Harold
 30284 | Orc:1    | You fall through a shaft!
 30284 | Orc:2    | Entered Level 2 of the Orcish Mines
 30305 | Orc:1    | Noticed Maurice
 30331 | Orc:1    | Killed Maurice
 31781 | Lair:1   | Identified the ring of Autotheism {rPois AC+3 Int+3 SInv} (You found it on level 11 of the Dungeon)
 31900 | Lair:3   | Received a gift from Okawaru
 31900 | Lair:3   | Reached skill level 15 in Bows
 32064 | Lair:3   | Learned a level 7 spell: Summon Hydra
 32572 | Lair:2   | Received a gift from Okawaru
 32948 | Lair:2   | Reached skill level 1 in Summonings
 33032 | Lair:3   | Received a gift from Okawaru
 33626 | Lair:3   | Reached ****** piety under Okawaru
 33635 | Lair:3   | Reached skill level 5 in Spellcasting
 34291 | Lair:4   | Received a gift from Okawaru
 34540 | Lair:4   | Found a staircase to the Shoals.
 35329 | Lair:5   | Learned a level 1 spell: Summon Butterflies
 36203 | Orc:2    | Reached skill level 5 in Fighting
 36499 | Orc:2    | Found Fometwux's Food Emporium.
 36533 | Orc:2    | Found a staircase to the Elven Halls.
 36819 | Orc:2    | Reached skill level 5 in Armour
 37239 | Orc:2    | Paralysed by an orc sorcerer for 3 turns
 37243 | Orc:2    | Reached XP level 14. HP: 107/107 MP: 21/21
 39137 | Orc:2    | Found Wecid's Assorted Antiques.
 39137 | Orc:2    | Found Avery's Antique Weapon Shoppe.
 39139 | Orc:2    | Found Omanoep's Magic Scroll Boutique.
 39141 | Orc:2    | Found Iplo's Gadget Boutique.
 39435 | D:6      | Bought the ring of the Invisible Hand {rC+ rN+ MR+ Str-2 Slay+5} for 1512 gold pieces
 39717 | Lair:5   | Found a runed door.
 39717 | Lair:5   | Found a viscous altar of Jiyva.
 39719 | Lair:5   | Found a staircase to the Slime Pits.
 40643 | Lair:6   | Entered Level 6 of the Lair of Beasts
 41395 | D:11     | Killed Urug
 41395 | D:11     | Received a gift from Okawaru
 41715 | D:13     | Killed Nessos
 43111 | D:13     | Reached skill level 5 in Invocations
 43701 | D:12     | Killed Rupert
 44775 | D:14     | Received a gift from Okawaru
 45097 | D:14     | Reached XP level 15. HP: 115/115 MP: 23/23
 45231 | D:14     | Got an ominously black robe
 45475 | D:14     | Identified the cursed +1 robe of Resilience {Str+2} (You took it off a skeletal warrior on level 14 of the Dungeon)
 45931 | D:14     | Got a scorched long sword
 45949 | D:14     | Identified the cursed +0 long sword of Chagrin {slice, rF+} (You found it on level 14 of the Dungeon)
 46073 | D:15     | Entered Level 15 of the Dungeon
 46080 | D:15     | Noticed Roxanne
 47162 | Shoals:1 | Entered Level 1 of the Shoals
 47167 | Shoals:1 | Received a gift from Okawaru
 47168 | Shoals:1 | Found the +7 longbow "Piercer" {penet, EV-2}
 47612 | Snake:1  | Entered Level 1 of the Snake Pit
 47679 | Snake:1  | Reached skill level 16 in Bows
 47836 | Lair:2   | Upgraded the game from 0.22-a0-392-g5dc3fd9 to 0.22-a0-393-g7f50228
 48189 | Snake:1  | Got a polished plate armour
 48314 | Snake:1  | Noticed Agnes
 48652 | Shoals:1 | Reached skill level 5 in Summonings
 48818 | Lair:4   | You are sucked into a shaft for 2 floors!
 49117 | Lair:2   | Identified the cursed +1 plate armour of Farer {-Cast rN+ Str+6} (You found it on level 1 of the Snake Pit)
 49324 | Shoals:1 | Received a gift from Okawaru
 49540 | Shoals:1 | Received a gift from Okawaru
 49809 | Shoals:1 | HP: 2/116 [sea snake (17)]
 50419 | Shoals:1 | Reached XP level 16. HP: 103/124 MP: 25/25
 50429 | Shoals:1 | Received a gift from Okawaru
 51220 | Shoals:2 | Noticed Donald
 51221 | Shoals:2 | Noticed Louise
 51526 | Shoals:1 | Killed Donald
 51841 | Shoals:2 | Killed Louise
 53223 | Shoals:2 | Received a gift from Okawaru
 53226 | Shoals:2 | Got a brightly glowing chain mail {god gift}
 55081 | Lair:2   | Identified the +1 chain mail of Cocytus {rF++ rC- Regen+ SInv} (Okawaru gifted it to you on level 2 of the Shoals)
 55096 | Lair:2   | Learned a level 5 spell: Summon Mana Viper
 55729 | D:15     | Killed Roxanne
 55736 | D:15     | Identified Roxanne's Catalogue of Transmigration (You took it off Roxanne on level 15 of the Dungeon)
 56736 | D:15     | Received a gift from Okawaru
 57104 | D:15     | Found a staircase to the Depths.
 57321 | D:15     | Upgraded the game from 0.22-a0-393-g7f50228 to 0.22-a0-394-gd5c8bed
 57673 | Shoals:3 | Reached skill level 17 in Bows
 57694 | Shoals:3 | Cast into level 2 of the Abyss (merfolk impaler)
 57698 | Abyss:2  | Found a corrupted altar of Lugonu.
 57705 | Abyss:2  | Got a blackened ring mail
 57765 | Abyss:2  | Found a corrupted altar of Lugonu.
 58191 | Abyss:2  | Noticed a tentacled starspawn
 58219 | Abyss:2  | Gained mutation: Potions are less effective at restoring your health. [a neqoxec]
 58265 | Abyss:2  | Paralysed by accursed screaming for 1 turns
 58361 | Abyss:2  | Identified the +0 ring mail of Winter {+Fly rElec rPois Slay-2} (You found it on level 2 of the Abyss)
 58417 | Abyss:2  | HP: 2/127 [thrashing horror (12)]
 58418 | Abyss:2  | Killed from afar by a starcursed mass

Vault maps used:
D:1:      lightli_arrival_windingriver, minmay_misc_feat_room,
          serial_park_tiny_2, doesnt_xom_only_xom
D:2:      first_ration, minmay_tiny_reverse_x, uniq_sigmund, uniq_jessica,
          uniq_robin
D:3:      serial_park_tiny_1, uniq_crazy_yiuf_cottage
D:4:      minmay_temple_entry_butterflies, nemelex_dance_club_becter
D:5:      gammafunk_wand_slinger, old_standard_altar, basic_altar
D:6:      serial_shops, nicolae_shop_trees
D:7:      serial_shops, shop
D:8:      minmay_quarter_circles, nicolae_overflow_hidden_temple,
          bloody_makhleb, basic_altar
D:9:      uniq_erolcha
D:10:     serial_bayou, serial_bayou_pond_b, serial_bayou_pond_e,
          serial_bayou_lagoon_a, serial_bayou_crossing,
          hangedman_little_slice_of_home
D:11:     dragon1_lemuel, lair_entry_dummy, orc_0_dummy, serial_shops, shop,
          nicolae_shop_statue_plus, kennysheep_generic_room_11
D:12:     small_statue_intersection
D:13:     david_vaults_3, portal_ice_cave_entry_imps,
          hangedman_decor_diamond_cutter
D:14:     minmay_the_grid_3x2, hangedman_decor_clover_reticule,
          kennysheep_windowed_goal
D:15:     hangedman_depths_entry_try_elsewhere_first, minmay_misc_feat_ornament,
          minivault_15, palyth_stone_intersect, uniq_roxanne
Temple:   minmay_crystal_spiral_temple
Lair:1:   minmay_holes, serial_bayou_pond_c, beast_lair_carwin_5,
          minmay_lair_oklob_chamber, lemuel_fruit_fields,
          infiniplex_staircase_pool_2
Lair:2:   dummy_snake_entry, lemuel_fruit_fields
Lair:3:   zaba_anthell, infiniplex_staircase_pool
Lair:4:   minmay_shoals_entry_centaurs
Lair:5:   slime_altar_2, lemuel_fruit_tree, uniq_urug
Lair:6:   minmay_lair_end_enchanted_forest, special_room, grunt_megastairs_2
Shoals:1: overgrown_tower
Shoals:2: nicolae_shoals_hunting_party, uniq_louise, uniq_donald
Shoals:3: st_cyclops, uniq_polyphemus
Snake:1:  uniq_agnes
Orc:1:    mines3_lemuel, uniq_maurice, uniq_harold
Orc:2:    st_orc_elflike, serial_shops, nicolae_shop_trees

Skill      XL: |  1  2  3  4  5  6  7  8  9 10 11 12 13 14 15 16 |
---------------+-------------------------------------------------+-----
Bows           | 3 4 5 6 7 10 12 14 15 16 17 | 17.0
Hexes          | 3 4 5 6 7 8 9 |  9.1
Spellcasting   | 2 3 4 5 6 |  6.4
Fire Magic     | 1 2 4 5 7 8 9 |  9.0
Armour         | 1 2 3 5 6 7 |  7.7
Fighting       | 2 4 5 6 7 |  7.7
Dodging        | 2 3 4 5 6 7 |  7.7
Evocations     | 3 4 6 7 8 9 |  9.2
Conjurations   | 4 6 7 8 |  8.0
Invocations    | 3 4 5 8 9 |  9.8
Summonings     | 2 3 5 6 |  6.5
Long Blades    | |  0.3
Polearms       | |  0.3

Action                   |  1- 3 |  4- 6 |  7- 9 | 10-12 | 13-15 | 16-18 || total
-------------------------+-------+-------+-------+-------+-------+-------++-------
Melee: Unarmed           |   174 |   287 |   100 |       |       |       ||   561
       Kick              |    21 |    67 |   108 |   161 |   255 |    13 ||   625
       Falchion          |       |       |   263 |   422 |   466 |       ||  1151
       Punch             |       |       |       |     1 |       |       ||     1
       Halberd           |       |       |       |       |   155 |       ||   155
       Glaive            |       |       |       |       |   240 |    51 ||   291
 Fire: Shortbow          |    70 |    44 |    58 |   437 |   619 |       ||  1228
       Longbow           |       |       |       |       |   674 |   504 ||  1178
Throw: Tomahawk          |       |       |     2 |     2 |       |       ||     4
       Throwing net      |       |       |       |       |     3 |       ||     3
 Cast: Cause Fear        |       |       |       |     1 |    15 |       ||    16
       Inner Flame       |       |       |       |       |    20 |       ||    20
       Summon Butterflie |       |       |       |       |     6 |       ||     6
       Sticky Flame      |       |       |       |       |     5 |     2 ||     7
       Summon Mana Viper |       |       |       |       |       |     1 ||     1
Invok: Heroism           |       |       |       |     1 |       |     1 ||     2
       Finesse           |       |       |       |     1 |       |       ||     1
 Abil: Evoke Berserk Rag |       |       |       |     2 |     1 |       ||     3
       Evoke Blink       |       |       |       |       |       |    13 ||    13
Evoke: Wand              |       |       |       |    60 |    25 |     7 ||    92
       Lightning rod     |       |       |       |    11 |     5 |     1 ||    17
       Fan of gales      |       |       |       |     1 |     2 |     1 ||     4
  Use: Scroll            |       |     5 |       |    18 |    14 |    11 ||    48
       Potion            |       |     3 |       |     2 |     6 |     1 ||    12
 Stab: Confused          |       |       |       |       |       |     1 ||     1
  Eat: Chunk             |     2 |     6 |    18 |    33 |    33 |     6 ||    98
       Ration            |       |     2 |     1 |     5 |     8 |     5 ||    21
Armor: Robe              |   129 |    10 |       |       |       |       ||   139
       Leather armour    |       |   192 |   134 |    73 |       |       ||   399
       Skin              |       |     1 |       |       |       |       ||     1
       Troll leather arm |       |       |       |   160 |   869 |   160 ||  1189
Dodge: Dodged            |   146 |   176 |   189 |   261 |   628 |   145 ||  1545
       Rpst.: Falchion   |       |       |    56 |    66 |    68 |       ||   190

Table legend:
 A = Spawn XP
 B = Non-spawn XP
 C = Spawn XP percentage of total XP
 D = Spawn monster count
 E = Non-spawn monster count
 F = Spawn count percentage of total count
 G = Total turns spent on level
                    A         B        C        D         E        F      G
               +---------+---------+-------+---------+---------+-------+---------
         Total |     794 |  202887 |   0.4 |       2 |     886 |   0.2 | 58418
               +---------+---------+-------+---------+---------+-------+---------
           D:1 |       0 |     108 |   0.0 |       0 |      43 |   0.0 |  2474
           D:2 |       0 |     312 |   0.0 |       0 |      21 |   0.0 |  1935
           D:3 |       0 |     285 |   0.0 |       0 |      26 |   0.0 |  2970
           D:4 |       0 |     914 |   0.0 |       0 |      20 |   0.0 |  2003
           D:5 |       0 |     939 |   0.0 |       0 |      32 |   0.0 |  2319
           D:6 |       0 |     814 |   0.0 |       0 |      22 |   0.0 |   836
           D:7 |       0 |    1496 |   0.0 |       0 |      13 |   0.0 |   897
           D:8 |       0 |    5635 |   0.0 |       0 |      56 |   0.0 |  4381
           D:9 |       0 |    1953 |   0.0 |       0 |      23 |   0.0 |  1903
          D:10 |       0 |    4515 |   0.0 |       0 |      45 |   0.0 |  2672
          D:11 |       0 |    6465 |   0.0 |       0 |      23 |   0.0 |  2861
          D:12 |       0 |   11302 |   0.0 |       0 |      38 |   0.0 |  2297
          D:13 |       0 |   14456 |   0.0 |       0 |      78 |   0.0 |  2613
          D:14 |       0 |   15380 |   0.0 |       0 |      37 |   0.0 |  2341
          D:15 |       0 |   28149 |   0.0 |       0 |      55 |   0.0 |  2331
        Lair:1 |       0 |    4907 |   0.0 |       0 |      16 |   0.0 |  2087
        Lair:2 |       0 |    7668 |   0.0 |       0 |      30 |   0.0 |  2679
        Lair:3 |       0 |    6242 |   0.0 |       0 |      53 |   0.0 |  1509
        Lair:4 |       0 |    5353 |   0.0 |       0 |      23 |   0.0 |  2640
        Lair:5 |       0 |    5803 |   0.0 |       0 |      20 |   0.0 |  1753
        Lair:6 |       0 |     620 |   0.0 |       0 |       3 |   0.0 |   108
      Shoals:1 |       0 |   33303 |   0.0 |       0 |      60 |   0.0 |  3563
      Shoals:2 |       0 |   17137 |   0.0 |       0 |      35 |   0.0 |  2301
      Shoals:3 |       0 |    3767 |   0.0 |       0 |       7 |   0.0 |   275
       Snake:1 |       0 |    6556 |   0.0 |       0 |      12 |   0.0 |   561
         Orc:1 |       0 |    4515 |   0.0 |       0 |      40 |   0.0 |  2745
         Orc:2 |       0 |   11942 |   0.0 |       0 |      50 |   0.0 |  2377
       Abyss:2 |     794 |    2351 |  25.2 |       2 |       5 |  28.6 |   724
               +---------+---------+-------+---------+---------+-------+---------
